 Dungeon Crawl Stone Soup version 0.25-a0-731-g0472a16 (webtiles) character file.

Game seed: 654522646241696872, levelgen mode: deterministic

10 Charmandara the Firebug (level 2, 0/19 HPs)
             Began as a Demonspawn Fire Elementalist on Apr 9, 2020.
             Succumbed to a kobold's poison
             ... on level 1 of the Dungeon.
             The game lasted 00:01:17 (375 turns).

Charmandara the Firebug (DsFE)                       Turns: 375, Time: 00:01:18

Health: 0/19       AC:  2    Str:  8    XL:     2   Next: 10%
Magic:  3/5        EV: 12    Int: 16    God:
Gold:   16         SH:  0    Dex: 13    Spells: 4/5 levels left

rFire    . . .     SeeInvis .   h - +1 short sword (venom)
rCold    . . .     Gourm    .   (no shield)
rNeg     . . .     Faith    .   a - +0 robe
rPois    .         Spirit   .   (helmet restricted)
rElec    .         Reflect  .   (no cloak)
rCorr    .         Harm     .   (no gloves)
MR       .....                  (no boots)
Stlth    ++........             (no amulet)
HPRegen  0.06/turn              (no ring)
MPRegen  0.09/turn              (no ring)

@: lethally poisoned (0 -> -12)
A: horns 1
a: no special abilities


You were on level 1 of the Dungeon.
You were not hungry.

You visited 1 branch of the dungeon, and saw 1 of its levels.

You collected 16 gold pieces.

Inventory:

Hand Weapons
 d - a +0 dagger
   (You took it off a kobold on level 1 of the Dungeon)
 f - a +0 short sword
   (You took it off a kobold on level 1 of the Dungeon)
 h - a +1 short sword of venom (weapon)
   (You took it off a kobold on level 1 of the Dungeon)
Armour
 a - a +0 robe (worn)
Scrolls
 b - a scroll of remove curse {unknown}
 e - 4 scrolls of identify {unknown}
 i - a scroll of noise {unknown}
Comestibles
 c - 2 rations
 g - 2 chunks of flesh {@w0}


   Skills:
 - Level 1.7 Dodging
 - Level 1.7 Stealth
 + Level 2.1 Spellcasting
 * Level 1.7 Conjurations
 + Level 2.8 Fire Magic


You had 4 spell levels left.
You knew the following spells:

 Your Spells              Type           Power        Failure   Level  Hunger
a - Foxfire               Conj/Fire      #...         9%          1    #......

Your spell library contained the following spells:

 Spells                   Type           Power        Failure   Level  Hunger
 Conjure Flame            Conj/Fire      #.......     24%         3    ###....
 Inner Flame              Hex/Fire       #.......     34%         3    ###....
 Sticky Flame             Conj/Fire      #.......     63%         4    #####..
 Fireball                 Conj/Fire      #.........   92%         5    ######.


Dungeon Overview and Level Annotations

Branches:
Dungeon (1/15)

Altars:


Innate Abilities, Weirdness & Mutations

You have a pair of small horns on your head.


Message History

You now have 1/3 mp.
You conjure some foxfire!
The giant cockroach misses you.
The foxfire hits the kobold.
The giant cockroach misses you.
You now have 0/3 mp.
You hit the giant cockroach but do no damage.
The foxfire hits the kobold.
You kill the kobold!
The foxfire hits the giant cockroach.
You kill the giant cockroach!
Health restored: 13
e - 3 scrolls labeled BEQIEJ PEPHIMN (gained 1)
You now have 16 gold pieces (gained 9).
Things that are here:
a +0 short sword; a kobold corpse The kobold corpse isn't edible.
f - a +0 short sword
f - a +0 short sword (weapon)
You start resting.
A rat comes into view.
A rat is nearby!
A rat is nearby!
You conjure some foxfire!
You now have 0/3 mp.
The foxfire hits the rat. x2
You kill the rat!
You have reached level 2!
Your demonic ancestry asserts itself...
A pair of horns grows on your head!
Health restored: 19 You see here a rat corpse.
You butcher the rat corpse.
g - a chunk of flesh {@w0} You see here a rat skeleton.
e - 4 scrolls labeled BEQIEJ PEPHIMN (gained 1)
A rat comes into view.
You regained 2 mp, and now have 3/5 mp.
A rat is nearby!
A rat is nearby!
You conjure some foxfire!
The foxfire hits the rat.
You kill the rat!
You now have 2/5 mp.
You see here a rat corpse.
You butcher the rat corpse.
g - 2 chunks of flesh {@w0} (gained 1)
You see here a rat skeleton.
h - a bubbling golden potion
i - a scroll labeled ZOCKA URONEV MP restored: 5 A kobold comes into view.
It is wielding a +1 short sword of venom.
A kobold is nearby!
You conjure some foxfire!
The kobold drinks a potion.
The kobold seems to speed up.
You now have 4/5 mp.
The foxfire hits the kobold.
The kobold throws a stone.
The stone misses you.
You see here a stone.
The kobold barely misses you.
You conjure some foxfire!
The kobold hits you with a +1 short sword of venom.
You take 6 damage, and have 13/19 hp.
MASSIVE DAMAGE!!
You now have 3/5 mp.
You barely miss the kobold.
The foxfire hits the kobold. x2
The kobold hits you but does no damage.
You are poisoned.
The kobold hits you with a +1 short sword of venom.
You are more poisoned.
You take 5 damage, and have 8/19 hp.
MASSIVE DAMAGE!!
Unknown command.
Unknown command.
You conjure some foxfire!
You feel sick. The kobold misses you.
You take 2 damage, and have 6/19 hp.
You now have 2/5 mp.
Unknown command.
Unknown command.
* * * LOW HITPOINT WARNING * * *
You feel sick.
The foxfire hits the kobold.
You kill the kobold!
You take 1 damage, and have 5/19 hp.
It was a potion of cancellation.
You feel magically purged.
* * * LOW HITPOINT WARNING * * *
You feel sick.
You take 1 damage, and have 4/19 hp.
* * * LOW HITPOINT WARNING * * *
You feel sick.
You take 1 damage, and have 3/19 hp.
* * * LOW HITPOINT WARNING * * *
You feel sick.
Things that are here:
a +1 short sword of venom; a kobold corpse You take 1 damage, and have 2/19 hp.
h - a +1 short sword of venom
* * * LOW HITPOINT WARNING * * *
You feel sick.
You take 1 damage, and have 1/19 hp.
Your +1 short sword of venom begins to drip with poison!
h - a +1 short sword of venom (weapon)
There is a lethal amount of poison in your body!
Unknown command.
You die...

#. #.# #.# #.# #.# #.#
####### ##.###.....#
###...##.....####
#..@............##
#######(#...#.#####.#..#
........##.##.#...#.#..#
##########.##.#.#.#.#..#
#....#.#.#.#..#
#.#..#.#...#..#
##.##.#.#####..#
#..##.#........#
#.###.#.#####..#


There were no monsters in sight!

Vanquished Creatures
  A dart slug (D:1)
  A bat (D:1)
  A giant cockroach (D:1)
  3 kobolds (D:1)
  3 rats (D:1)
9 creatures vanquished.

Vanquished Creatures (others)
  25 foxfires (D:1)
25 creatures vanquished.

Grand Total: 34 creatures vanquished

Notes
Turn   | Place    | Note
-------+----------+-------------------------------------------
     0 | D:1      | Charmandara the Demonspawn Fire Elementalist began the
                  | quest for the Orb.
     0 | D:1      | Reached XP level 1. HP: 13/13 MP: 3/3
   268 | D:1      | Gained mutation: You have a pair of small horns on your
                  | head. [demonic ancestry]
   268 | D:1      | Reached XP level 2. HP: 19/19 MP: 0/5
   370 | D:1      | HP: 4/19 [poisoned by a kobold]
   373 | D:1      | HP: 1/19 [poisoned by a kobold]
   375 | D:1      | Succumbed to a kobold's poison

Levels and vault maps discovered:
D:1:      matt_arrival_spirals, layout_loops_ring, roderic_lattice_a

Action                   || total
-------------------------++-------
Melee: Dagger            ||     5
       Short sword       ||     1
 Cast: Foxfire           ||    18
  Use: Potion            ||     1
Armor: Robe              ||     8
Dodge: Dodged            ||    15

Table legend:
 A = Non-vault XP
 B = Vault XP
 C = Vault XP percentage of total XP
 D = Non-vault monster count
 E = Vault monster count
 F = Vault count percentage of total count
                 A         B        C        D         E       F
            +---------+---------+-------+---------+---------+-------
      Total |      15 |       0 |   0.0 |       9 |       0 |   0.0
            +---------+---------+-------+---------+---------+-------
        D:1 |      15 |       0 |   0.0 |       9 |       0 |   0.0
            +---------+---------+-------+---------+---------+-------

Levels and vault maps discovered:
D:1:      matt_arrival_spirals, layout_loops_ring, roderic_lattice_a

Table legend:
 A = Turns spent in this place as a percentage of turns spent in the entire game.
 B = Non-inter-level travel turns spent in this place as a percentage of non-inter-level travel turns spent in the entire game.
 C = Inter-level travel turns spent in this place as a percentage of turns spent in this place.
 D = Turns resting spent in this place as a percentage of non-inter-level travel turns spent in this place.
 E = Turns spent auto-exploring this place as a percentage of non-inter-level travel turns spent in this place.
 F = Non-inter-level travel turns spent in this place divided by the number of levels of this place that you've seen.
                   A       B       C       D       E      F
               +-------+-------+-------+-------+-------+----------------------
         Total | 100.0 | 100.0 |   0.0 |   5.1 |  52.3 | 375.0
       Dungeon | 100.0 | 100.0 |   0.0 |   5.1 |  52.3 | 375.0
               +-------+-------+-------+-------+-------+----------------------

Table legend:
 A = Kills in this place as a percentage of kills in entire the game.
 B = Kills by you in this place as a percentage of kills by you in the entire game.
 C = Kills by friends in this place as a percentage of kills by friends in the entire game.
 D = Other kills in this place as a percentage of other kills in the entire game.
 E = Experience gained in this place as a percentage of experience gained in the entire game.
 F = Experience gained in this place divided by the number of levels of this place that you have seen.
                   A       B       C       D       E      F
               +-------+-------+-------+-------+-------+----------------------
         Total | 100.0 | 100.0 |   N/A |   N/A | 100.0 |  15.0
       Dungeon | 100.0 | 100.0 |   N/A |   N/A | 100.0 |  15.0
               +-------+-------+-------+-------+-------+----------------------
